Americans vs Icehogs
(R1)
Created - December 18, 2024 at 19:56
Goals
|
| Americans |
1 |
0 |
0 |
1 |
| Icehogs |
2 |
3 |
1 |
6 |
|
Shots
|
| Americans |
11 |
8 |
1 |
20 |
| Icehogs |
22 |
17 |
5 |
44 |
|
1st period
1. Icehogs , Hudson Fasching 14 (Dillon Dube 14) at 3:37
2. Americans , Vladimir Tkachev 4 (Jonas Brodin 9, Kevin Fiala 22) at 3:45
3. Icehogs , Andrew Poturalski 5 (Trevor Zegras 16, Dillon Dube 15) at 16:43 (SH)
Penalties :
Michael McCarron (Roc) for Holding (Minor) at 4:48, Julius Honka (Roc) for Roughing (Minor) at 11:29, Patrick Sieloff (Roc) for High sticking (Minor) at 15:16
2nd period
4. Icehogs , Andrew Poturalski 6 (Trevor Zegras 17) at 10:33
5. Icehogs , Gabriel Fortier 10 (Jeremy Davies 7, Trevor Zegras 18) at 15:33
6. Icehogs , Trevor Zegras 13 (Andrew Poturalski 16, Nikita Scherbak 11) at 17:33
Penalties :
John Leonard (Roc) for Interference (Minor) at 19:29
3rd period
7. Icehogs , Hudson Fasching 15 (Dillon Dube 16, Patrick Sieloff 17) at 4:32 (PP)
Penalties :
Devon Teows (Roc) for High sticking (Minor) at 4:03, Devon Teows (Roc) for Interference (Minor) at 7:53, Alex Schoenborn (Roc) for Interference (Minor) at 14:37, Zach Whitecloud (Roc) for Fighting (Major) at 17:26, Michael McCarron (Roc) for Fighting (Major) at 17:26, Zach Whitecloud (Roc) for instigated a fight (Minor) at 17:26, Zach Whitecloud (Roc) for instigated a fight (10 Minutes Misconduct) at 17:26
Goalie Stats
Connor Hellebyuk (Roc), 38 saves from 44 shots - (0.864), L, 11-10-1, 60:00 minutes
Mackenzie Blackwood (Roc), 19 saves from 20 shots - (0.950), W, 10-7-0, 60:00 minutes
Players Stats for Americans
Player Name G A P +/- PIM S H SB GA TA FO MP PP MP PK MP
------------------------------------------------------------------------------------
Alex Schoenborn 0 0 0 0 2 0 0 0 0 0 0/0 9:12 0:18 0:00
Daniel Sprong 0 0 0 -1 0 1 0 0 1 0 0/0 10:43 0:00 0:00
Devon Teows 0 0 0 -2 4 0 2 1 0 2 0/0 18:56 2:17 2:34
Dillon Heatherington 0 0 0 -1 0 0 0 1 0 1 0/0 28:45 3:40 5:06
Felix Bibeau 0 0 0 0 0 0 0 0 0 2 1/1 7:54 0:00 0:00
Jacob Larsson 0 0 0 -2 0 2 1 1 3 1 0/0 19:55 2:17 3:31
Jakob Pelletier 0 0 0 -1 0 0 0 0 0 0 0/0 12:12 0:02 0:59
John Leonard 0 0 0 -2 2 1 3 0 0 0 0/1 18:13 2:40 2:28
Jonas Brodin 0 1 1 -1 0 5 1 2 1 1 0/0 28:33 3:40 4:54
Kevin Fiala 0 1 1 -1 0 3 0 1 0 0 1/1 16:43 3:15 0:00
Maxim Mamin 0 0 0 -1 0 1 1 0 0 1 4/7 14:48 0:58 2:49
Michael McCarron 0 0 0 -2 7 1 2 0 1 0 3/9 17:31 1:44 2:23
Nathan Noel 0 0 0 0 0 2 0 0 0 1 3/5 9:58 0:45 0:08
Richard Nejezchleb 0 0 0 -2 0 1 2 0 1 0 0/0 15:07 2:40 0:00
Ryan Fitzgerald 0 0 0 -1 0 1 0 0 0 0 18/37 17:13 2:14 3:05
Samuel Bolduc 0 0 0 -1 0 0 2 0 0 1 0/0 11:32 0:00 0:00
Spencer Stastney 0 0 0 -1 0 0 0 1 0 0 0/0 12:17 0:00 0:45
Vladimir Tkachev 1 0 1 -1 0 2 3 0 0 0 0/0 21:57 3:15 4:58
Players Stats for Icehogs
Player Name G A P +/- PIM S H SB GA TA FO MP PP MP PK MP
------------------------------------------------------------------------------------
Andrew Poturalski 2 1 3 3 0 7 1 0 0 0 3/9 17:18 3:23 1:33
Ben Johnson 0 0 0 0 0 3 2 0 1 0 1/3 9:45 0:04 0:15
Calle Andersson 0 0 0 4 0 1 2 0 0 3 0/0 23:32 3:05 3:12
Clark Bishop 0 0 0 1 0 4 0 1 0 0 5/9 10:32 0:00 0:00
Declan Chisholm 0 0 0 0 0 0 1 0 0 1 0/0 10:24 0:00 0:00
Dillon Dube 0 3 3 0 0 2 2 0 0 0 17/34 21:47 4:58 3:31
Gabriel Fortier 1 0 1 1 0 2 0 1 2 0 0/0 10:32 0:00 0:00
Hudson Fasching 2 0 2 0 0 7 3 0 2 0 1/1 18:09 4:58 0:00
Jeremy Davies 0 1 1 4 0 0 2 1 0 0 0/0 21:47 3:05 1:42
JJ. Piccinich 0 0 0 0 0 1 3 0 0 0 0/0 9:30 0:04 0:00
Julius Honka 0 0 0 0 2 2 2 1 0 1 0/0 26:37 5:20 2:43
Mikhail Grigorenko 0 0 0 0 0 1 0 0 0 0 3/3 21:29 4:58 3:37
Mitchell Chaffee 0 0 0 1 0 1 1 0 1 0 0/0 10:32 0:00 0:00
Nikita Scherbak 0 1 1 2 0 0 2 0 0 0 1/1 16:26 3:23 0:53
Patrick Sieloff 0 1 1 -1 2 7 4 1 0 1 0/0 25:56 5:20 2:31
Ross Johnston 0 0 0 0 0 1 2 1 0 0 0/1 9:30 0:04 0:00
Trevor Zegras 1 3 4 3 0 4 3 0 2 0 0/0 17:50 3:23 2:05
Zach Whitecloud 0 0 0 1 17 1 0 0 2 1 0/0 12:24 0:00 1:46
3 Stars
1 - Trevor Zegras (Roc)
2 - Andrew Poturalski (Roc)
3 - Hudson Fasching (Roc)
Power Play
Americans - 0 on 3 Attempt(s) - 0.00%
Icehogs - 1 on 5 Attempt(s) - 20.00%
Penalty Kill
Americans - 4 on 5 Attempt(s) - 80.00%
- Score 0 goal in Penalty Kill
Icehogs - 3 on 3 Attempt(s) - 100.00%
- Score 1 goal in Penalty Kill
Team Stat
Americans - Hits : 17 - Faceoff Wins : 30 - Blocked Shots : 7 - Penalty Minutes : 15
Icehogs - Hits : 30 - Faceoff Wins : 31 - Blocked Shots : 6 - Penalty Minutes : 21
Official
Referees : Kyle Rehman and Beaudry Halkidis
Linesman : Vaughan Rody and Bryan Pancich
Game Notes
Ryan Fitzgerald is injured at 7:55 of 3rd period (Torn Left Knee Ligaments)
Zach Whitecloud and Michael McCarron fight to a draw at 17:26 of 3rd period
Finance
Level 1 -- Attendance: 1862 (93.10%) -- Ticket Income $130,340
Level 2 -- Attendance: 960 (96.00%) -- Ticket Income $38,400
Total Attendance: 2822 (94.07%)
Total Ticket Income: $168,740
Other Income: $8,437
Total Income: $177,177
Americans
5 vs 5 Forward
Center Left Wing Right Wing Time % Phy DF OF
1 Ryan Fitzgerald Vladimir Tkachev Kevin Fiala 40 1 2 2
2 Michael McCarron John Leonard Richard Nejezchleb 30 1 2 2
3 Maxim Mamin Jakob Pelletier Daniel Sprong 20 1 2 2
4 Nathan Noel Felix Bibeau Alex Schoenborn 10 1 2 2
5 vs 5 Defense
Defense Defense Time % Phy DF OF
1 Jonas Brodin Dillon Heatherington 40 1 2 2
2 Devon Teows Jacob Larsson 30 1 2 2
3 Spencer Stastney Samuel Bolduc 20 1 2 2
4 Jonas Brodin Dillon Heatherington 10 1 2 2
PowerPlay Forward
Center Left Wing Right Wing Time % Phy DF OF
1 Ryan Fitzgerald Vladimir Tkachev Kevin Fiala 60 1 2 2
2 Michael McCarron John Leonard Richard Nejezchleb 40 1 2 2
PowerPlay Defense
Defense Defense Time % Phy DF OF
1 Jonas Brodin Dillon Heatherington 60 1 2 2
2 Devon Teows Jacob Larsson 40 1 2 2
Penalty Kill 4 Players Forward
Center Wing Time % Phy DF OF
1 Ryan Fitzgerald Vladimir Tkachev 60 1 2 2
2 Michael McCarron John Leonard 40 1 2 2
Penalty Kill 4 Players Defense
Defense Defense Time % Phy DF OF
1 Jonas Brodin Dillon Heatherington 60 1 2 2
2 Devon Teows Jacob Larsson 40 1 2 2
Penalty Kill - 3 Players Forward
Forward Time % Phy DF OF
1 Ryan Fitzgerald 60 1 2 2
2 Michael McCarron 40 1 2 2
Penalty Kill - 3 Players Defense
Defense Defense Time % Phy DF OF
1 Jonas Brodin Dillon Heatherington 60 1 2 2
2 Devon Teows Jacob Larsson 40 1 2 2
4 vs 4 Forward
Center Wing Time % Phy DF OF
1 Ryan Fitzgerald Vladimir Tkachev 60 1 2 2
2 Michael McCarron John Leonard 40 1 2 2
4 vs 4 Defense
Defense Defense Time % Phy DF OF
1 Jonas Brodin Dillon Heatherington 60 1 2 2
2 Devon Teows Jacob Larsson 40 1 2 2
Last Minutes Offensive
Center Left Wing Right Wing Defense Defense
Ryan Fitzgerald Vladimir Tkachev Kevin Fiala Jonas Brodin Dillon Heatherington
Last Minutes Defensive
Center Left Wing Right Wing Defense Defense
Ryan Fitzgerald Vladimir Tkachev Kevin Fiala Jonas Brodin Dillon Heatherington
Goaltenders
Starting : Connor Hellebyuk
Backup : Peyton Jones
Extra Forwards
Normal : Michael McCarron, Maxim Mamin, Nathan Noel - PP : Michael McCarron, Maxim Mamin - PK : Michael McCarron
Extra Defensemen
Normal : Jacob Larsson, Spencer Stastney, Samuel Bolduc - PP : Jacob Larsson - PK : Jacob Larsson, Spencer Stastney
Penalty Shots
Kevin Fiala, Ryan Fitzgerald, Richard Nejezchleb, Vladimir Tkachev, Michael McCarron
Custom OT Lines Forwards
Kevin Fiala, Ryan Fitzgerald, Richard Nejezchleb, Vladimir Tkachev, Michael McCarron, Maxim Mamin, Nathan Noel, Daniel Sprong, Alex Schoenborn, John Leonard
Custom OT Lines Defensemen
Jonas Brodin, Dillon Heatherington, Devon Teows, Jacob Larsson, Spencer Stastney
Scratches
Justin Bailey (Healthy), Peyton Krebs (Healthy), Matt Grzelcyk (Sprained Left Ankle Injury), Xavier Bouchard (Healthy), Dmitri Semykin (Healthy)
Zachary Senyshyn (Healthy), Lauri Pajuniemi (Healthy), Anthony Romano (Healthy), Austin Wong (Healthy), Christopher Paquette (Healthy)
Gianni Fairbrother (Healthy), Daniel Bukac (Healthy), Simon Holmstrom (Healthy)
Icehogs
5 vs 5 Forward
Center Left Wing Right Wing Time % Phy DF OF
1 Dillon Dube Mikhail Grigorenko Hudson Fasching 40 1 2 2
2 Andrew Poturalski Trevor Zegras Nikita Scherbak 30 1 2 2
3 Ben Johnson Ross Johnston JJ. Piccinich 20 1 2 2
4 Clark Bishop Gabriel Fortier Mitchell Chaffee 10 1 2 2
5 vs 5 Defense
Defense Defense Time % Phy DF OF
1 Patrick Sieloff Julius Honka 40 1 2 2
2 Jeremy Davies Calle Andersson 30 1 2 2
3 Zach Whitecloud Declan Chisholm 20 1 2 2
4 Patrick Sieloff Julius Honka 10 1 2 2
PowerPlay Forward
Center Left Wing Right Wing Time % Phy DF OF
1 Dillon Dube Mikhail Grigorenko Hudson Fasching 60 1 2 2
2 Andrew Poturalski Trevor Zegras Nikita Scherbak 40 1 2 2
PowerPlay Defense
Defense Defense Time % Phy DF OF
1 Patrick Sieloff Julius Honka 60 1 2 2
2 Jeremy Davies Calle Andersson 40 1 2 2
Penalty Kill 4 Players Forward
Center Wing Time % Phy DF OF
1 Dillon Dube Mikhail Grigorenko 60 1 2 2
2 Andrew Poturalski Trevor Zegras 40 1 2 2
Penalty Kill 4 Players Defense
Defense Defense Time % Phy DF OF
1 Patrick Sieloff Julius Honka 60 1 2 2
2 Jeremy Davies Calle Andersson 40 1 2 2
Penalty Kill - 3 Players Forward
Forward Time % Phy DF OF
1 Dillon Dube 60 1 2 2
2 Andrew Poturalski 40 1 2 2
Penalty Kill - 3 Players Defense
Defense Defense Time % Phy DF OF
1 Patrick Sieloff Julius Honka 60 1 2 2
2 Jeremy Davies Calle Andersson 40 1 2 2
4 vs 4 Forward
Center Wing Time % Phy DF OF
1 Dillon Dube Mikhail Grigorenko 60 1 2 2
2 Andrew Poturalski Trevor Zegras 40 1 2 2
4 vs 4 Defense
Defense Defense Time % Phy DF OF
1 Patrick Sieloff Julius Honka 60 1 2 2
2 Jeremy Davies Calle Andersson 40 1 2 2
Last Minutes Offensive
Center Left Wing Right Wing Defense Defense
Dillon Dube Mikhail Grigorenko Hudson Fasching Patrick Sieloff Julius Honka
Last Minutes Defensive
Center Left Wing Right Wing Defense Defense
Dillon Dube Mikhail Grigorenko Hudson Fasching Patrick Sieloff Julius Honka
Goaltenders
Starting : Mackenzie Blackwood
Backup : Oscar Dansk
Extra Forwards
Normal : Nikita Scherbak, Trevor Zegras, Ben Johnson - PP : Nikita Scherbak, Trevor Zegras - PK : Nikita Scherbak
Extra Defensemen
Normal : Calle Andersson, Zach Whitecloud, Declan Chisholm - PP : Calle Andersson - PK : Calle Andersson, Zach Whitecloud
Penalty Shots
Mikhail Grigorenko, Hudson Fasching, Dillon Dube, Andrew Poturalski, Nikita Scherbak
Custom OT Lines Forwards
Mikhail Grigorenko, Hudson Fasching, Dillon Dube, Andrew Poturalski, Nikita Scherbak, Trevor Zegras, Ben Johnson, Ross Johnston, Clark Bishop, JJ. Piccinich
Custom OT Lines Defensemen
Patrick Sieloff, Julius Honka, Jeremy Davies, Calle Andersson, Zach Whitecloud
Scratches
Kristian Reichel (Healthy), Maxim Letunov (Healthy), Jackson Cates (Healthy), Antoine Morand (Healthy), Nikita Okhotyuk (Healthy)
Egor Afanasyev (Healthy), Petr Kvaca (Healthy)
% Time on Ice - Americans
Lines # - Real PCT - Wanted PCT - Time Play
Normal Forward
1 - 31% - 40% - 14:17
2 - 28% - 30% - 12:44
3 - 23% - 20% - 10:43
4 - 17% - 10% - 7:54
Normal Defense
1 - 40% - 40% - 18:14
2 - 31% - 30% - 14:07
3 - 25% - 20% - 11:32
4 - 4% - 10% - 1:45
PP Forward
1 - 55% - 60% - 3:17
2 - 45% - 40% - 2:40
PP Defense
1 - 62% - 60% - 3:40
2 - 38% - 40% - 2:17
PK Forward
1 - 86% - 60% - 7:15
2 - 14% - 40% - 1:10
PK Defense
1 - 56% - 60% - 4:42
2 - 44% - 40% - 3:43
PK3 Forward
1 - 0% - 60%
2 - 0% - 40%
PK3 Defense
1 - 0% - 60%
2 - 0% - 40%
44 Forward
1 - 0% - 60%
2 - 0% - 40%
44 Defense
1 - 0% - 60%
2 - 0% - 40%
Last Minute Offensive - 0:00
Last Minute Defensive - 0:00
Total
Forward - 60:00
Defense - 60:00
|
% Time on Ice - Icehogs
Lines # - Real PCT - Wanted PCT - Time Play
Normal Forward
1 - 30% - 40% - 13:35
2 - 27% - 30% - 12:22
3 - 20% - 20% - 9:09
4 - 23% - 10% - 10:32
Normal Defense
1 - 34% - 40% - 15:38
2 - 37% - 30% - 17:00
3 - 22% - 20% - 10:03
4 - 6% - 10% - 2:57
PP Forward
1 - 60% - 60% - 5:02
2 - 40% - 40% - 3:23
PP Defense
1 - 63% - 60% - 5:20
2 - 37% - 40% - 3:05
PK Forward
1 - 74% - 60% - 4:24
2 - 26% - 40% - 1:33
PK Defense
1 - 71% - 60% - 4:15
2 - 29% - 40% - 1:42
PK3 Forward
1 - 0% - 60%
2 - 0% - 40%
PK3 Defense
1 - 0% - 60%
2 - 0% - 40%
44 Forward
1 - 0% - 60%
2 - 0% - 40%
44 Defense
1 - 0% - 60%
2 - 0% - 40%
Last Minute Offensive - 0:00
Last Minute Defensive - 0:00
Total
Forward - 60:00
Defense - 60:00
|
Play-by-Play
1st period
0:01 of 1st period - Ryan Fitzgerald wins face-off versus Dillon Dube in neutral zone.
0:14 of 1st period - Wrist shot by Ryan Fitzgerald.
0:14 of 1st period - Shot Misses the Net.
0:16 of 1st period - Slapshot by Vladimir Tkachev.
0:16 of 1st period - Deflect By Kevin Fiala.
0:16 of 1st period - Shot Blocked by Patrick Sieloff.
0:16 of 1st period - Puck is out of play.
0:17 of 1st period - Andrew Poturalski wins face-off versus Michael McCarron in Icehogs zone.
0:17 of 1st period - Andrew Poturalski is hit by Jacob Larsson.
0:23 of 1st period - Devon Teows is hit by Calle Andersson and loses puck.
0:55 of 1st period - Slapshot by Ben Johnson.
0:55 of 1st period - Stopped by Connor Hellebyuk with a rebound.
1:31 of 1st period - Wrist shot by Daniel Sprong.
1:31 of 1st period - Stopped by Mackenzie Blackwood with a rebound.
1:55 of 1st period - Snap shot by Nikita Scherbak.
1:55 of 1st period - Shot Blocked by Kevin Fiala.
2:07 of 1st period - Snap shot by Richard Nejezchleb.
2:07 of 1st period - Stopped by Mackenzie Blackwood without a rebound.
2:08 of 1st period - Michael McCarron wins face-off versus Ben Johnson in Icehogs zone.
2:09 of 1st period - Snap shot by John Leonard.
2:09 of 1st period - Stopped by Mackenzie Blackwood with a rebound.
2:31 of 1st period - Snap shot by Ben Johnson.
2:31 of 1st period - Shot Misses the Net.
2:33 of 1st period - Wrist shot by Ross Johnston.
2:33 of 1st period - Stopped by Connor Hellebyuk without a rebound.
2:34 of 1st period - Ryan Fitzgerald wins face-off versus Dillon Dube in Americans zone.
3:13 of 1st period - Snap shot by Gabriel Fortier.
3:13 of 1st period - Shot Misses the Net.
3:25 of 1st period - Wrist shot by Trevor Zegras.
3:25 of 1st period - Shot Misses the Net.
3:27 of 1st period - Wrist shot by Trevor Zegras.
3:27 of 1st period - Deflect By Maxim Mamin.
3:27 of 1st period - Shot Misses the Net.
3:27 of 1st period - Puck is out of play.
3:28 of 1st period - Dillon Dube wins face-off versus Maxim Mamin in Americans zone.
3:31 of 1st period - Snap shot by Hudson Fasching.
3:31 of 1st period - Shot Blocked by Jonas Brodin.
3:33 of 1st period - Wrist shot by Dillon Dube.
3:33 of 1st period - Stopped by Connor Hellebyuk with a rebound.
3:35 of 1st period - Wrist shot by Dillon Dube.
3:35 of 1st period - Shot Misses the Net.
3:37 of 1st period - Snap shot by Hudson Fasching.
3:37 of 1st period - Goal by Hudson Fasching - Americans : 0 - Icehogs : 1.
3:38 of 1st period - Ryan Fitzgerald wins face-off versus Dillon Dube in neutral zone.
3:41 of 1st period - Wrist shot by Vladimir Tkachev.
3:41 of 1st period - Stopped by Mackenzie Blackwood with a rebound.
3:43 of 1st period - Slapshot by Jonas Brodin.
3:43 of 1st period - Shot Misses the Net.
3:45 of 1st period - Snap shot by Vladimir Tkachev.
3:45 of 1st period - Goal by Vladimir Tkachev - Americans : 1 - Icehogs : 1.
3:46 of 1st period - Ryan Fitzgerald wins face-off versus Andrew Poturalski in neutral zone.
3:51 of 1st period - Slapshot by Andrew Poturalski.
3:51 of 1st period - Stopped by Connor Hellebyuk with a rebound.
3:53 of 1st period - Wrist shot by Andrew Poturalski.
3:53 of 1st period - Stopped by Connor Hellebyuk with a rebound.
3:55 of 1st period - Wrist shot by Patrick Sieloff.
3:55 of 1st period - Stopped by Connor Hellebyuk without a rebound.
3:56 of 1st period - Ryan Fitzgerald wins face-off versus Andrew Poturalski in Americans zone.
4:05 of 1st period - Wrist shot by Kevin Fiala.
4:05 of 1st period - Stopped by Mackenzie Blackwood without a rebound.
4:06 of 1st period - Dillon Dube wins face-off versus Ryan Fitzgerald in Icehogs zone.
4:06 of 1st period - Dillon Dube is hit by Vladimir Tkachev.
4:33 of 1st period - Dillon Heatherington is hit by Trevor Zegras and loses puck.
4:48 of 1st period - Minor Penalty to Michael McCarron for Holding.
4:49 of 1st period - Ryan Fitzgerald wins face-off versus Dillon Dube in Americans zone.
5:19 of 1st period - Wrist shot by Hudson Fasching.
5:19 of 1st period - Stopped by Connor Hellebyuk without a rebound.
5:20 of 1st period - Maxim Mamin wins face-off versus Andrew Poturalski in Americans zone.
6:48 of 1st period - Penalty to Michael McCarron is over, Michael McCarron is back on ice.
6:57 of 1st period - Vladimir Tkachev is hit by Ross Johnston and loses puck.
7:04 of 1st period - Wrist shot by JJ. Piccinich.
7:04 of 1st period - Stopped by Connor Hellebyuk without a rebound.
7:05 of 1st period - Clark Bishop wins face-off versus Nathan Noel in Americans zone.
7:08 of 1st period - Snap shot by Gabriel Fortier.
7:08 of 1st period - Shot Misses the Net.
7:32 of 1st period - JJ. Piccinich is hit by John Leonard and loses puck.
7:39 of 1st period - Snap shot by Michael McCarron.
7:39 of 1st period - Stopped by Mackenzie Blackwood with a rebound.
7:55 of 1st period - Icing by Devon Teows.
7:56 of 1st period - Dillon Dube wins face-off versus Maxim Mamin in Americans zone.
7:59 of 1st period - Snap shot by Hudson Fasching.
7:59 of 1st period - Stopped by Connor Hellebyuk with a rebound.
8:01 of 1st period - Slapshot by Patrick Sieloff.
8:01 of 1st period - Stopped by Connor Hellebyuk without a rebound.
8:02 of 1st period - Dillon Dube wins face-off versus Ryan Fitzgerald in Americans zone.
8:06 of 1st period - Icing by Vladimir Tkachev.
8:07 of 1st period - Ryan Fitzgerald wins face-off versus Dillon Dube in Americans zone.
8:46 of 1st period - Jonas Brodin is hit by Andrew Poturalski and loses puck.
9:07 of 1st period - Wrist shot by Ben Johnson.
9:07 of 1st period - Shot Misses the Net.
9:37 of 1st period - Wrist shot by Maxim Mamin.
9:37 of 1st period - Shot Misses the Net.
10:21 of 1st period - Slapshot by Jeremy Davies.
10:21 of 1st period - Shot Blocked by Devon Teows.
10:41 of 1st period - Slapshot by Declan Chisholm.
10:41 of 1st period - Deflect By Clark Bishop.
10:41 of 1st period - Stopped by Connor Hellebyuk without a rebound.
10:42 of 1st period - Maxim Mamin wins face-off versus Clark Bishop in Americans zone.
10:55 of 1st period - Snap shot by Mitchell Chaffee.
10:55 of 1st period - Deflect By Gabriel Fortier.
10:55 of 1st period - Stopped by Connor Hellebyuk with a rebound.
10:57 of 1st period - Slapshot by Zach Whitecloud.
10:57 of 1st period - Stopped by Connor Hellebyuk without a rebound.
10:58 of 1st period - Hudson Fasching wins face-off versus Ryan Fitzgerald in Americans zone.
11:03 of 1st period - Snap shot by Hudson Fasching.
11:03 of 1st period - Stopped by Connor Hellebyuk with a rebound.
11:05 of 1st period - Slapshot by Julius Honka.
11:05 of 1st period - Stopped by Connor Hellebyuk without a rebound.
11:06 of 1st period - Dillon Dube wins face-off versus Ryan Fitzgerald in Americans zone.
11:15 of 1st period - Snap shot by Hudson Fasching.
11:15 of 1st period - Stopped by Connor Hellebyuk with a rebound.
11:17 of 1st period - Wrist shot by Dillon Dube.
11:17 of 1st period - Stopped by Connor Hellebyuk without a rebound.
11:18 of 1st period - Ryan Fitzgerald wins face-off versus Dillon Dube in Americans zone.
11:18 of 1st period - Ryan Fitzgerald is hit by Dillon Dube.
11:29 of 1st period - Minor Penalty to Julius Honka for Roughing.
11:30 of 1st period - Dillon Dube wins face-off versus Ryan Fitzgerald in Icehogs zone.
12:50 of 1st period - Nikita Scherbak is hit by John Leonard and loses puck.
13:10 of 1st period - Icing by Jonas Brodin.
13:11 of 1st period - Nikita Scherbak wins face-off versus Ryan Fitzgerald in Americans zone.
13:29 of 1st period - Penalty to Julius Honka is over, Julius Honka is back on ice.
13:54 of 1st period - Andrew Poturalski is hit by Maxim Mamin and loses puck.
14:04 of 1st period - Off-side.
14:05 of 1st period - Felix Bibeau wins face-off versus Ross Johnston in neutral zone.
14:20 of 1st period - Nathan Noel is hit by Julius Honka and loses puck.
14:36 of 1st period - Ryan Fitzgerald is hit by Declan Chisholm and loses puck.
14:58 of 1st period - Jeremy Davies is hit by Michael McCarron and loses puck.
15:05 of 1st period - Slapshot by Patrick Sieloff.
15:05 of 1st period - Stopped by Connor Hellebyuk without a rebound.
15:06 of 1st period - Ben Johnson wins face-off versus Michael McCarron in Americans zone.
15:07 of 1st period - Slapshot by Patrick Sieloff.
15:07 of 1st period - Shot Misses the Net.
15:09 of 1st period - Wrist shot by Patrick Sieloff.
15:09 of 1st period - Stopped by Connor Hellebyuk with a rebound.
15:16 of 1st period - Minor Penalty to Patrick Sieloff for High sticking.
15:17 of 1st period - Dillon Dube wins face-off versus Ryan Fitzgerald in Icehogs zone.
15:29 of 1st period - Wrist shot by Ryan Fitzgerald.
15:29 of 1st period - Stopped by Mackenzie Blackwood without a rebound.
15:30 of 1st period - Dillon Dube wins face-off versus Ryan Fitzgerald in Icehogs zone.
15:41 of 1st period - Mikhail Grigorenko is hit by Vladimir Tkachev and loses puck.
15:46 of 1st period - Snap shot by Ryan Fitzgerald.
15:46 of 1st period - Shot Misses the Net.
16:41 of 1st period - Snap shot by Andrew Poturalski.
16:41 of 1st period - Stopped by Connor Hellebyuk with a rebound.
16:43 of 1st period - Wrist shot by Andrew Poturalski.
16:43 of 1st period - Goal by Andrew Poturalski - Americans : 1 - Icehogs : 2.
16:44 of 1st period - Ryan Fitzgerald wins face-off versus Dillon Dube in neutral zone.
16:47 of 1st period - Slapshot by Jonas Brodin.
16:47 of 1st period - Stopped by Mackenzie Blackwood with a rebound.
17:09 of 1st period - Dillon Heatherington is hit by Dillon Dube and loses puck.
17:16 of 1st period - Penalty to Patrick Sieloff is over, Patrick Sieloff is back on ice.
17:54 of 1st period - Slapshot by Kevin Fiala.
17:54 of 1st period - Stopped by Mackenzie Blackwood without a rebound.
17:55 of 1st period - Ryan Fitzgerald wins face-off versus Andrew Poturalski in Icehogs zone.
18:36 of 1st period - Mikhail Grigorenko is hit by Richard Nejezchleb and loses puck.
18:57 of 1st period - Slapshot by Jacob Larsson.
18:57 of 1st period - Shot Misses the Net.
19:03 of 1st period - Jacob Larsson is hit by JJ. Piccinich and loses puck.
19:44 of 1st period - Slapshot by Kevin Fiala.
19:44 of 1st period - Shot Misses the Net.
19:46 of 1st period - Slapshot by Jacob Larsson.
19:46 of 1st period - Stopped by Mackenzie Blackwood without a rebound.
19:47 of 1st period - Mikhail Grigorenko wins face-off versus Ryan Fitzgerald in Icehogs zone.
Goals for this period are 1 for Americans vs 2 for Icehogs.
Shots for this period are 11 for Americans vs 22 for Icehogs.
2nd period
0:01 of 2nd period - Dillon Dube wins face-off versus Ryan Fitzgerald in neutral zone.
0:29 of 2nd period - Slapshot by Patrick Sieloff.
0:29 of 2nd period - Stopped by Connor Hellebyuk with a rebound.
0:31 of 2nd period - Slapshot by Julius Honka.
0:31 of 2nd period - Stopped by Connor Hellebyuk without a rebound.
0:32 of 2nd period - Michael McCarron wins face-off versus Ben Johnson in Americans zone.
3:42 of 2nd period - Vladimir Tkachev is hit by Hudson Fasching and loses puck.
4:04 of 2nd period - Off-side.
4:05 of 2nd period - Maxim Mamin wins face-off versus Andrew Poturalski in neutral zone.
4:08 of 2nd period - Snap shot by Maxim Mamin.
4:08 of 2nd period - Shot Misses the Net.
4:28 of 2nd period - Andrew Poturalski is hit by Samuel Bolduc and loses puck.
4:41 of 2nd period - Spencer Stastney is hit by Patrick Sieloff and loses puck.
5:04 of 2nd period - Slapshot by Trevor Zegras.
5:04 of 2nd period - Shot Misses the Net.
5:12 of 2nd period - Wrist shot by Trevor Zegras.
5:12 of 2nd period - Stopped by Connor Hellebyuk with a rebound.
5:20 of 2nd period - Snap shot by Maxim Mamin.
5:20 of 2nd period - Stopped by Mackenzie Blackwood with a rebound.
5:24 of 2nd period - Snap shot by Jakob Pelletier.
5:24 of 2nd period - Deflect By Nikita Scherbak.
5:24 of 2nd period - Shot Misses the Net.
5:24 of 2nd period - Puck is out of play.
5:25 of 2nd period - Ryan Fitzgerald wins face-off versus Dillon Dube in Icehogs zone.
5:50 of 2nd period - Richard Nejezchleb is hit by Calle Andersson and loses puck.
6:11 of 2nd period - Snap shot by Clark Bishop.
6:11 of 2nd period - Stopped by Connor Hellebyuk without a rebound.
6:12 of 2nd period - Nathan Noel wins face-off versus Clark Bishop in Americans zone.
6:12 of 2nd period - Nathan Noel is hit by Patrick Sieloff.
6:24 of 2nd period - Wrist shot by Nathan Noel.
6:24 of 2nd period - Stopped by Mackenzie Blackwood without a rebound.
6:25 of 2nd period - Ryan Fitzgerald wins face-off versus Dillon Dube in Icehogs zone.
7:32 of 2nd period - Slapshot by Hudson Fasching.
7:32 of 2nd period - Stopped by Connor Hellebyuk with a rebound.
7:34 of 2nd period - Wrist shot by Calle Andersson.
7:34 of 2nd period - Deflect By Devon Teows.
7:34 of 2nd period - Stopped by Connor Hellebyuk without a rebound.
7:35 of 2nd period - Dillon Dube wins face-off versus Ryan Fitzgerald in Americans zone.
8:04 of 2nd period - Dillon Heatherington is hit by Nikita Scherbak and loses puck.
8:12 of 2nd period - Wrist shot by Trevor Zegras.
8:12 of 2nd period - Stopped by Connor Hellebyuk with a rebound.
8:14 of 2nd period - Snap shot by Andrew Poturalski.
8:14 of 2nd period - Stopped by Connor Hellebyuk with a rebound.
8:34 of 2nd period - Slapshot by Jonas Brodin.
8:34 of 2nd period - Deflect By JJ. Piccinich.
8:34 of 2nd period - Stopped by Mackenzie Blackwood with a rebound.
9:54 of 2nd period - Snap shot by Jakob Pelletier.
9:54 of 2nd period - Shot Blocked by Ross Johnston.
9:56 of 2nd period - Slapshot by Jacob Larsson.
9:56 of 2nd period - Deflect By Julius Honka.
9:56 of 2nd period - Stopped by Mackenzie Blackwood with a rebound.
10:19 of 2nd period - Off-side.
10:20 of 2nd period - Andrew Poturalski wins face-off versus Ryan Fitzgerald in neutral zone.
10:33 of 2nd period - Slapshot by Andrew Poturalski.
10:33 of 2nd period - Goal by Andrew Poturalski - Americans : 1 - Icehogs : 3.
10:34 of 2nd period - Ryan Fitzgerald wins face-off versus Dillon Dube in neutral zone.
10:52 of 2nd period - Jonas Brodin is hit by Jeremy Davies.
11:35 of 2nd period - Snap shot by Ben Johnson.
11:35 of 2nd period - Shot Misses the Net.
11:37 of 2nd period - Snap shot by Ben Johnson.
11:37 of 2nd period - Stopped by Connor Hellebyuk with a rebound.
11:51 of 2nd period - Slapshot by Jacob Larsson.
11:51 of 2nd period - Shot Blocked by Gabriel Fortier.
12:09 of 2nd period - Kevin Fiala is hit by Hudson Fasching and loses puck.
13:05 of 2nd period - Icing by Trevor Zegras.
13:06 of 2nd period - Ryan Fitzgerald wins face-off versus Andrew Poturalski in Icehogs zone.
13:07 of 2nd period - Snap shot by Kevin Fiala.
13:07 of 2nd period - Shot Misses the Net.
13:09 of 2nd period - Wrist shot by Dillon Heatherington.
13:09 of 2nd period - Shot Blocked by Julius Honka.
13:11 of 2nd period - Slapshot by Jonas Brodin.
13:11 of 2nd period - Stopped by Mackenzie Blackwood with a rebound.
13:13 of 2nd period - Snap shot by Vladimir Tkachev.
13:13 of 2nd period - Shot Misses the Net.
13:19 of 2nd period - Wrist shot by Jonas Brodin.
13:19 of 2nd period - Stopped by Mackenzie Blackwood with a rebound.
13:29 of 2nd period - Snap shot by Trevor Zegras.
13:29 of 2nd period - Stopped by Connor Hellebyuk without a rebound.
13:30 of 2nd period - Michael McCarron wins face-off versus Dillon Dube in Americans zone.
13:57 of 2nd period - Michael McCarron is hit by Mitchell Chaffee and loses puck.
14:06 of 2nd period - Slapshot by Patrick Sieloff.
14:06 of 2nd period - Stopped by Connor Hellebyuk with a rebound.
14:08 of 2nd period - Wrist shot by Mitchell Chaffee.
14:08 of 2nd period - Shot Blocked by Jacob Larsson.
14:10 of 2nd period - Snap shot by Clark Bishop.
14:10 of 2nd period - Stopped by Connor Hellebyuk with a rebound.
15:10 of 2nd period - Felix Bibeau is hit by Trevor Zegras and loses puck.
15:17 of 2nd period - Jeremy Davies is hit by Devon Teows.
15:33 of 2nd period - Slapshot by Gabriel Fortier.
15:33 of 2nd period - Goal by Gabriel Fortier - Americans : 1 - Icehogs : 4.
15:34 of 2nd period - Dillon Dube wins face-off versus Ryan Fitzgerald in neutral zone.
15:37 of 2nd period - Snap shot by Hudson Fasching.
15:37 of 2nd period - Shot Blocked by Jonas Brodin.
16:12 of 2nd period - John Leonard is hit by Trevor Zegras and loses puck.
17:33 of 2nd period - Snap shot by Trevor Zegras.
17:33 of 2nd period - Goal by Trevor Zegras - Americans : 1 - Icehogs : 5.
17:34 of 2nd period - Kevin Fiala wins face-off versus Dillon Dube in neutral zone.
17:43 of 2nd period - Wrist shot by Kevin Fiala.
17:43 of 2nd period - Shot Misses the Net.
17:45 of 2nd period - Snap shot by Jonas Brodin.
17:45 of 2nd period - Stopped by Mackenzie Blackwood with a rebound.
17:47 of 2nd period - Snap shot by Kevin Fiala.
17:47 of 2nd period - Stopped by Mackenzie Blackwood without a rebound.
17:48 of 2nd period - Dillon Dube wins face-off versus Ryan Fitzgerald in Icehogs zone.
17:48 of 2nd period - Dillon Dube is hit by Vladimir Tkachev.
17:58 of 2nd period - Slapshot by Mikhail Grigorenko.
17:58 of 2nd period - Stopped by Connor Hellebyuk with a rebound.
18:00 of 2nd period - Slapshot by Patrick Sieloff.
18:00 of 2nd period - Stopped by Connor Hellebyuk with a rebound.
18:14 of 2nd period - Andrew Poturalski is hit by Richard Nejezchleb and loses puck.
18:41 of 2nd period - Jakob Pelletier is hit by Ben Johnson and loses puck.
19:22 of 2nd period - Snap shot by Richard Nejezchleb.
19:22 of 2nd period - Deflect By Michael McCarron.
19:22 of 2nd period - Shot Misses the Net.
19:22 of 2nd period - Puck is out of play.
19:23 of 2nd period - Clark Bishop wins face-off versus Michael McCarron in Icehogs zone.
19:29 of 2nd period - Minor Penalty to John Leonard for Interference.
19:30 of 2nd period - Ryan Fitzgerald wins face-off versus Dillon Dube in Americans zone.
Goals for this period are 0 for Americans vs 3 for Icehogs.
Shots for this period are 8 for Americans vs 17 for Icehogs.
3rd period
0:01 of 3rd period - Mikhail Grigorenko wins face-off versus Ryan Fitzgerald in neutral zone.
1:29 of 3rd period - Penalty to John Leonard is over, John Leonard is back on ice.
1:34 of 3rd period - Jonas Brodin is hit by JJ. Piccinich and loses puck.
1:45 of 3rd period - Wrist shot by Ben Johnson.
1:45 of 3rd period - Stopped by Connor Hellebyuk without a rebound.
1:46 of 3rd period - Nathan Noel wins face-off versus Clark Bishop in Americans zone.
1:54 of 3rd period - Icing by Alex Schoenborn.
1:55 of 3rd period - Nathan Noel wins face-off versus Clark Bishop in Americans zone.
2:06 of 3rd period - Wrist shot by Nathan Noel.
2:06 of 3rd period - Shot Blocked by Clark Bishop.
2:19 of 3rd period - Slapshot by Mitchell Chaffee.
2:19 of 3rd period - Shot Blocked by Spencer Stastney.
2:21 of 3rd period - Slapshot by Zach Whitecloud.
2:21 of 3rd period - Shot Misses the Net.
2:33 of 3rd period - Slapshot by Clark Bishop.
2:33 of 3rd period - Stopped by Connor Hellebyuk without a rebound.
2:34 of 3rd period - Dillon Dube wins face-off versus Ryan Fitzgerald in Americans zone.
2:35 of 3rd period - Slapshot by Mikhail Grigorenko.
2:35 of 3rd period - Shot Misses the Net.
2:47 of 3rd period - Slapshot by Dillon Heatherington.
2:47 of 3rd period - Shot Misses the Net.
3:03 of 3rd period - Icing by Patrick Sieloff.
3:04 of 3rd period - Andrew Poturalski wins face-off versus Maxim Mamin in Icehogs zone.
3:24 of 3rd period - Snap shot by Maxim Mamin.
3:24 of 3rd period - Shot Blocked by Jeremy Davies.
3:58 of 3rd period - Wrist shot by Andrew Poturalski.
3:58 of 3rd period - Stopped by Connor Hellebyuk without a rebound.
3:59 of 3rd period - Dillon Dube wins face-off versus Ryan Fitzgerald in Americans zone.
4:03 of 3rd period - Minor Penalty to Devon Teows for High sticking.
4:04 of 3rd period - Mikhail Grigorenko wins face-off versus Ryan Fitzgerald in Americans zone.
4:16 of 3rd period - Wrist shot by Mikhail Grigorenko.
4:16 of 3rd period - Deflect By Hudson Fasching.
4:16 of 3rd period - Deflect By Dillon Heatherington.
4:16 of 3rd period - Shot Misses the Net.
4:16 of 3rd period - Puck is out of play.
4:17 of 3rd period - Ryan Fitzgerald wins face-off versus Dillon Dube in Americans zone.
4:32 of 3rd period - Snap shot by Hudson Fasching.
4:32 of 3rd period - Deflect By Ryan Fitzgerald.
4:32 of 3rd period - Goal by Hudson Fasching - Americans : 1 - Icehogs : 6.
4:33 of 3rd period - Dillon Dube wins face-off versus Ryan Fitzgerald in neutral zone.
5:00 of 3rd period - Andrew Poturalski is hit by Michael McCarron and loses puck.
6:50 of 3rd period - Slapshot by Jeremy Davies.
6:50 of 3rd period - Shot Blocked by Dillon Heatherington.
7:44 of 3rd period - Wrist shot by Gabriel Fortier.
7:44 of 3rd period - Deflect By Mitchell Chaffee.
7:44 of 3rd period - Stopped by Connor Hellebyuk without a rebound.
7:45 of 3rd period - Ryan Fitzgerald wins face-off versus Dillon Dube in Americans zone.
7:53 of 3rd period - Minor Penalty to Devon Teows for Interference.
7:54 of 3rd period - Ryan Fitzgerald wins face-off versus Dillon Dube in Americans zone.
7:54 of 3rd period - Ryan Fitzgerald is hit by Julius Honka.
7:55 of 3rd period - Ryan Fitzgerald from Americans is injured at 7:55 of 3rd period (Torn Left Knee Ligaments).
7:56 of 3rd period - Dillon Dube wins face-off versus Michael McCarron in Americans zone.
8:52 of 3rd period - Spencer Stastney is hit by Hudson Fasching and loses puck.
9:53 of 3rd period - Penalty to Devon Teows is over, Devon Teows is back on ice.
9:56 of 3rd period - Snap shot by Nathan Noel.
9:56 of 3rd period - Stopped by Mackenzie Blackwood with a rebound.
10:24 of 3rd period - Zach Whitecloud is hit by Samuel Bolduc and loses puck.
10:55 of 3rd period - Andrew Poturalski is hit by Jonas Brodin and loses puck.
11:06 of 3rd period - Devon Teows is hit by Ben Johnson and loses puck.
11:17 of 3rd period - Hudson Fasching is hit by John Leonard and loses puck.
11:54 of 3rd period - Jakob Pelletier is hit by Patrick Sieloff and loses puck.
12:51 of 3rd period - Snap shot by Dillon Heatherington.
12:51 of 3rd period - Shot Misses the Net.
14:03 of 3rd period - Samuel Bolduc is hit by JJ. Piccinich and loses puck.
14:32 of 3rd period - Off-side.
14:33 of 3rd period - Clark Bishop wins face-off versus John Leonard in neutral zone.
14:37 of 3rd period - Minor Penalty to Alex Schoenborn for Interference.
14:38 of 3rd period - Dillon Dube wins face-off versus Michael McCarron in Americans zone.
16:37 of 3rd period - Penalty to Alex Schoenborn is over, Alex Schoenborn is back on ice.
16:41 of 3rd period - Dillon Heatherington is hit by Jeremy Davies and loses puck.
16:48 of 3rd period - Alex Schoenborn is hit by Ross Johnston and loses puck.
16:57 of 3rd period - Off-side.
16:58 of 3rd period - Clark Bishop wins face-off versus Nathan Noel in neutral zone.
17:12 of 3rd period - Icing by Declan Chisholm.
17:13 of 3rd period - Clark Bishop wins face-off versus Michael McCarron in Icehogs zone.
17:13 of 3rd period - Clark Bishop is hit by Devon Teows.
17:26 of 3rd period - Zach Whitecloud and Michael McCarron fight to a draw.
17:26 of 3rd period - Penalty to Zach Whitecloud for Fighting.
17:26 of 3rd period - Penalty to Michael McCarron for Fighting.
17:26 of 3rd period - Penalty to Zach Whitecloud for instigated a fight.
17:26 of 3rd period - Penalty to Zach Whitecloud for instigated a fight.
17:27 of 3rd period - Maxim Mamin wins face-off versus Dillon Dube in neutral zone.
19:11 of 3rd period - Jacob Larsson is hit by Patrick Sieloff and loses puck.
19:26 of 3rd period - Penalty to Zach Whitecloud is over, Hudson Fasching is send on ice.
19:30 of 3rd period - Nathan Noel is hit by Nikita Scherbak and loses puck.
Goals for this period are 0 for Americans vs 1 for Icehogs.
Shots for this period are 1 for Americans vs 5 for Icehogs.